 Dungeon Crawl Stone Soup version 0.19.1 (webtiles) character file.

105 Nyymi the Chopper (level 4, -3/41 HPs)
             Began as a Minotaur Berserker on Dec 7, 2016.
             Was a Believer of Trog.
             Killed by divine providence
             ... invoked by an orc priest
              (14 damage)
             ... on level 3 of the Dungeon.
             The game lasted 00:15:46 (1599 turns).

Nyymi the Chopper (Minotaur Berserker)              Turns: 1599, Time: 00:15:47

Health: -3/41      AC:  6    Str: 23    XL:     4   Next: 53%
Magic:  3/3        EV: 11    Int:  4    God:    Trog [**....]
Gold:   120        SH:  0    Dex:  9    Spells: 0 memorised, 3 levels left

rFire  . . .     SeeInvis .     k - +0 short sword
rCold  . . .     Gourm    .     m - +0 scale mail
rNeg   . . .     Faith    .     (no shield)
rPois  .         Spirit   .     (helmet restricted)
rElec  .         Reflect  .     (no cloak)
rCorr  .         Harm     .     (no gloves)
MR     .....                    (no boots)
Stlth  ..........               (no amulet)
                                (no ring)
                                (no ring)

@: no status effects
A: retaliatory headbutt, horns 2
a: Berserk, Trog's Hand, Burn Spellbooks, Renounce Religion


You were on level 3 of the Dungeon.
You worshipped Trog.
Trog was pleased with you.
You were full.

You visited 1 branch of the dungeon, and saw 3 of its levels.

You collected 120 gold pieces.

Inventory:

Hand Weapons
 k - a +0 short sword (weapon)
Missiles
 l - 47 arrows
Armour
 m - a +0 scale mail (worn)
Scrolls
 e - a scroll of fear {unknown}
 g - a scroll of noise {unknown}
 h - 2 scrolls of identify {unknown}
 j - a scroll of amnesia {unknown}
 p - a scroll of fog {unknown}
 q - a scroll of magic mapping {unknown}
 r - a scroll of immolation {unknown}
 s - a scroll of blinking {unknown}
Potions
 a - a potion of mutation {unknown}
 d - 4 potions of curing {unknown}
 f - a potion of lignification {unknown}
 i - a potion of flight {unknown}
 n - a potion of resistance {unknown}
 o - a potion of agility {unknown}
 t - a potion of magic {unknown}
Books
 b - a book of Maledictions

   Spells                             Type                      Level
   a - Corona                         Hexes                        1
   b - Ensorcelled Hibernation        Hexes/Ice                    2
   c - Confuse                        Hexes                        3
   d - Tukima's Dance                 Hexes                        3
   e - Dazzling Spray                 Conjuration/Hexes            3
   Trog disapproves of the use of such an item.
Comestibles
 c - 2 bread rations


   Skills:
 + Level 4.7 Fighting
 + Level 0.2 Short Blades
   Level 4.8 Axes
 + Level 2.8 Armour
 + Level 2.7 Dodging
 + Level 0.6 Stealth


You had 3 spell levels left.
You didn't know any spells.

Dungeon Overview and Level Annotations

Branches:
Dungeon (3/15)

Altars:


Innate Abilities, Weirdness & Mutations

You reflexively headbutt those who attack you in melee.
You have a pair of horns on your head.


Message History

The orc priest calls down the wrath of Beogh upon you.
Beogh smites you! The orc hits you but does no damage.
The orc priest calls upon Beogh to heal the orc.
The orc's wounds heal themselves!
The leopard gecko bites you.
Found an iron wand.
The orc curses repeatedly, as Orcs often do.
The leopard gecko bites you but does no damage.
The orc priest miscasts a cantrip.
You miss the leopard gecko. Your headbutt misses the leopard gecko.
The leopard gecko bites you.
The orc priest invokes the aid of Beogh against you.
Beogh smites you!
* * * LOW HITPOINT WARNING * * *
The leopard gecko barely misses you. You furiously retaliate!
You headbutt the leopard gecko!
You kill the leopard gecko!
Trog accepts your kill.
The orc priest mumbles some strange prayers to Beogh against you.
Beogh smites you!
You die...

#.# #.#.....#.# #.# #
#......<# #.# #.....#.#
# #.# #.......#.# #.#
#..o...........
#.#.#####.#.#...#.#####
#.#........o........
#.####....#o#.#.##.##
#.# #.####@#.#.# .#
#### #.# #.# #.#.#.# #
...###.####.# #.#.#.#
##.##.....#.# #.#
#.######(#.# #.#
#.######†#.# #.#
#....[)).#.# #.#
#########.#.# #.#
...########.#


You could see an orc priest and 2 orcs.

Vanquished Creatures
  5 adders
  An ooze (D:2)
  2 worms (D:2)
  2 dart slugs (D:1)
  2 leopard geckos
  3 orcs (D:3)
  5 bats
  2 goblins (D:2)
  5 hobgoblins
  3 jackals (D:2)
  A quokka (D:2)
  2 frilled lizards
  4 kobolds
  8 rats
45 creatures vanquished.

Notes
Turn   | Place    | Note
-------+----------+-------------------------------------------
     0 | D:1      | Nyymi the Minotaur Berserker began the quest for the Orb.
     0 | D:1      | Reached XP level 1. HP: 19/19 MP: 0/0
   102 | D:1      | Reached XP level 2. HP: 17/27 MP: 1/1
   596 | D:1      | You fall through a shaft!
   602 | D:2      | Reached XP level 3. HP: 33/33 MP: 2/2
   681 | D:2      | Reached ** piety under Trog
   955 | D:2      | Reached XP level 4. HP: 35/41 MP: 3/3
  1599 | D:3      | Killed from afar by an orc priest

Skill      XL: |  1  2 |
---------------+-------+-----
Axes           | 4 |  4.8
Fighting       | 4 |  4.7
Short Blades   | |  0.2
Armour         | |  2.8
Dodging        | |  2.7
Stealth        | |  0.6

Action                   |  1- 3 |  4- 6 || total
-------------------------+-------+-------++-------
Melee: Hand axe          |    62 |     6 ||    68
       Headbutt          |     9 |     1 ||    10
       Short sword       |       |    28 ||    28
 Stab: Sleeping          |     1 |       ||     1
  Eat: Meat ration       |     1 |       ||     1
       Pizza             |       |     1 ||     1
Armor: Animal skin       |     8 |       ||     8
       Scale mail        |       |     6 ||     6
       Ring mail         |       |     2 ||     2
Dodge: Dodged            |    38 |    13 ||    51
